AoeStats
← warpig233

Arabia

508990939Analyzed
1v1 RM · 7d ago on Sep 25, 2026· 39m 30s· 2 players
Game mode
Random Map
Map size
Tiny (2 player)
Population
200
Speed
Normal
Resources
Standard
Victory
Conquest
Starting age
Dark Age
Ending age
Imperial Age
RankedLock teamsTeams togetherTeam positionsShared explorationLock speedFull tech treeHidden civsTurbo modeCheats
Victory
Defeat
🇺🇸 Huns · United States
855
+38
🇨🇴 Maya · Colombia
828
-15
Juliro
7:00 Loom
10:58 Feudal Age
12:01 Double-Bit Axe
13:11 Horse Collar
15:28 Fletching
15:38 Padded Archer Armor
22:58 Castle Age
23:02 Crossbowman
23:52 Thumb Ring
23:08 Elite Skirmisher
25:11 Wheelbarrow
26:40 Gold Mining
27:22 Stone Mining
29:40 Eagle Warrior
30:47 Bow Saw
30:45 Bodkin Arrow
34:59 Stone Shaft Mining
34:27 Town Watch
36:25 Leather Archer Armor
38:42 Forging
38:33 Scale Mail Armor
42:29 Imperial Age
warpig233
13:21 Feudal Age
14:37 Wheelbarrow
13:50 Double-Bit Axe
14:34 Horse Collar
15:45 Gold Mining
15:47 Stone Mining
17:19 Fletching
17:30 Town Watch
22:40 Castle Age
21:22 Scale Barding Armor
22:24 Forging
22:17 Padded Archer Armor
23:50 Thumb Ring
24:00 Bloodlines
24:33 Husbandry
25:50 Bloodlines
26:13 Bodkin Arrow
25:42 Elite Skirmisher
28:10 Gold Shaft Mining
29:58 Hand Cart
32:29 Chain Barding Armor
32:46 Iron Casting
36:23 Leather Archer Armor
37:27 Town Watch
Connection lost

Rejoining the realm…

Still unreachable

The connection could not be restored.

Session expired

The server has moved on; the page needs a fresh start.